[Event "Titled Tuesday Blitz February 22 Late 2022"]
[White "Chabris, Christopher"]
[Black "Avramidou, Anastasia"]
[WhiteFideId "2005263"]
[BlackFideId "4239873"]
[WhiteElo "2322"]
[BlackElo "2183"]
[Result "0-1"]
[Round "02"]
[TimeControl "180+1"]
[Date "2022.02.23"]
[WhiteClock "0:00:26"]
[BlackClock "0:01:16"]

1. e4 g6 2. d4 Bg7 3. Nc3 c6 4. Be3 d5 5. e5 Nh6 6. Qd2 Nf5 7. Bf4 h5 8. h4 c5 9. dxc5 e6 10. Nb5 Nc6 11. Nd6+ Nxd6 12. exd6 Bxb2 13. Rb1 Bd4 14. c4 Qf6 15. Ne2 Bxc5 16. cxd5 exd5 17. Qxd5 Bb6 18. Bg5 Qe6 19. Qxe6+ Bxe6 20. Nf4 Bxa2 21. d7+ Kxd7 22. Rd1+ Kc8 23. Bc4 Bxc4 0-1


[Site "https://www.chess.com"]

[Event "Titled Tuesday Blitz February 22 Late 2022"]
[White "Colas, Joshua"]
[Black "Van Foreest, Jorden"]
[WhiteFideId "2044447"]
[BlackFideId "1039784"]
[WhiteElo "2347"]
[BlackElo "2609"]
[Result "0-1"]
[Round "02"]
[TimeControl "180+1"]
[Date "2022.02.22"]
[WhiteClock "0:00:04"]
[BlackClock "0:00:25"]

1. Nf3 d5 2. c4 e6 3. g3 b6 4. Bg2 Bb7 5. O-O Nf6 6. b3 Be7 7. Bb2 c5 8. e3 O-O 9. Nc3 Nc6 10. cxd5 exd5 11. d4 Rc8 12. dxc5 bxc5 13. Rc1 Ba6 14. Re1 Nb4 15. Bf1 Bxf1 16. Rxf1 Qd7 17. a3 Nc6 18. Na4 Ne4 19. Nd2 Qf5 20. Nxe4 dxe4 21. Qc2 Nd8 22. f3 Ne6 23. fxe4 Qg6 24. Nc3 Rfe8 25. Nd5 Bf8 26. e5 Rb8 27. Qc4 Rb7 28. e4 Ng5 29. Rce1 h6 30. Nf4 Qb6 31. Re3 Qb5 32. Qxb5 Rxb5 33. h4 Ne6 34. Nxe6 Rxe6 35. a4 Rb7 36. Ba3 Rxe5 37. Rf5 Rbe7 38. Bxc5 Rxe4 39. Rxe4 Rxe4 40. Bxf8 Kxf8 41. Rb5 g6 42. Rb8+ Kg7 43. Kf2 g5 44. hxg5 hxg5 45. Rb7 Kg6 46. Kf3 f5 47. Rxa7 Rb4 48. Ra8 Rxb3+ 49. Kf2 Kh5 50. Rc8 Rb2+ 51. Ke3 Kg4 52. Rc5 Rb3+ 53. Kf2 Rf3+ 54. Ke2 Rxg3 55. Rc4+ f4 56. a5 Ra3 57. Rc5 Kh4 58. Rf5 Kh5 59. Kf2 Kg4 60. Rc5 Ra2+ 61. Ke1 f3 62. Kf1 Kf4 63. Rc4+ Kg3 64. Ke1 Ra1+ 65. Kd2 f2 0-1


[Site "https://www.chess.com"]

[Event "Titled Tuesday Blitz February 22 Late 2022"]
[White "Curtis, John"]
[Black "Przybylski, Wojciech"]
[WhiteFideId "3200256"]
[BlackFideId "1117599"]
[WhiteElo "2203"]
[BlackElo "2133"]
[Result "1/2-1/2"]
[Round "02"]
[TimeControl "180+1"]
[Date "2022.02.23"]
[WhiteClock "0:01:04"]
[BlackClock "0:00:02"]

1. e4 e5 2. Nf3 Nf6 3. Nxe5 d6 4. Nf3 Nxe4 5. Qe2 Qe7 6. d3 Nf6 7. Nbd2 c6 8. b3 Na6 9. a3 Nc7 10. Bb2 Ncd5 11. Qxe7+ Bxe7 12. g3 O-O 13. Bg2 Nc7 14. O-O d5 15. Rfe1 Ne6 16. Nd4 g6 17. Bh3 Nxd4 18. Bxd4 Bd8 19. Bxc8 Rxc8 20. Bc5 Re8 21. Rxe8+ Nxe8 22. Re1 Bb6 23. Bxb6 axb6 24. Re7 Nc7 25. a4 Kf8 26. Re2 Ne6 27. Nf3 Ke7 28. Ng5 h6 29. Nxe6 fxe6 30. f4 Kd6 31. Kf2 c5 32. h4 c4 33. dxc4 dxc4 34. Re4 cxb3 35. cxb3 Rc2+ 36. Kf1 Rc3 37. Rb4 Kc5 38. Rb5+ Kc6 39. Kf2 Rc5 40. Rb4 b5 41. Re4 Kd6 42. axb5 Rxb5 43. b4 Rd5 44. Ke3 Ke7 45. g4 Rd1 46. Rc4 Re1+ 47. Kf3 Kd6 48. Rd4+ Ke7 49. Re4 Rf1+ 50. Ke2 Rg1 51. f5 gxf5 52. gxf5 Kf6 53. fxe6 Ke7 54. Kf2 Rh1 55. Kg2 Rb1 56. Kg3 Rg1+ 57. Kf4 h5 58. Kf5 Rg2 59. Rd4 Rf2+ 60. Kg5 Kxe6 61. Kxh5 Rg2 62. Rg4 Rf2 63. Rg6+ Kf7 64. Rb6 Rf5+ 65. Kg4 Rd5 66. Rxb7+ Kg6 67. Rb6+ Kg7 68. h5 Kh7 69. Kf4 Rxh5 70. Ke4 Kg7 71. Kd4 Kf7 72. Kc4 Ke7 73. Rb5 Rh4+ 74. Kb3 Kd7 75. Ka4 Kc6 76. Rc5+ Kb6 77. Rf5 Rh6 78. Rg5 Rf6 79. Rg4 Rh6 80. Rg5 Rf6 81. Kb3 Rh6 82. Kc4 Rh4+ 83. Kc3 Rh6 84. Rg4 Rf6 85. Kc4 Rc6+ 86. Kb3 Rh6 87. Ka4 Rf6 88. Rh4 Rg6 89. Re4 Rh6 90. Rc4 Rg6 91. b5 Rh6 92. Kb4 Rg6 93. Rh4 Rf6 94. Rd4 Rg6 95. Rc4 Re6 96. Rc3 Re4+ 97. Rc4 Re6 98. Rd4 Rf6 99. Kc4 Rg6 100. Rd2 Rg4+ 101. Kd5 Kxb5 102. Rb2+ Ka6 103. Kc6 Rg6+ 104. Kc5 Rg5+ 105. Kc6 Rg6+ 106. Kc7 Rg7+ 107. Kc6 Ka5 108. Kc5 Ka4 109. Ra2+ Kb3 110. Rd2 Rg5+ 111. Kb6 Rg6+ 112. Kc5 Kc3 113. Rd6 Rg5+ 114. Rd5 Rg8 115. Rg5 Rc8+ 116. Kd6 Ra8 117. Rc5+ Kd4 118. Rc7 Rd8+ 119. Rd7 Rh8 120. Kc7+ Kc5 121. Rg7 Ra8 122. Rg5+ Kd4 123. Kb7 Rf8 124. Kc6 Rf6+ 125. Kb5 Ke4 126. Rg4+ Kd5 127. Rc4 Rf8 128. Rc5+ Kd4 129. Rc4+ Kd3 130. Rc5 Rb8+ 131. Kc6 Kd4 132. Rd5+ Kc4 133. Rd7 Rh8 134. Rd6 Rg8 135. Rd7 Kb4 136. Rd4+ Kc3 137. Rf4 Rh8 138. Kd5 Kd3 139. Rf3+ Ke2 140. Ra3 Rh5+ 141. Ke6 Kd2 142. Kf6 Rc5 143. Kg6 Rc3 144. Rxc3 Kxc3 1/2-1/2


[Site "https://www.chess.com"]

[Event "Titled Tuesday Blitz February 22 Late 2022"]
[White "Dauner, Benedikt"]
[Black "Liu, Leonardo"]
[WhiteFideId "16225899"]
[BlackFideId "30965780"]
[WhiteElo "2230"]
[BlackElo "2222"]
[Result "1/2-1/2"]
[Round "02"]
[TimeControl "180+1"]
[Date "2022.02.23"]
[WhiteClock "0:00:22"]
[BlackClock "0:00:32"]

1. d4 Nf6 2. Nf3 g6 3. Nc3 Bg7 4. e4 d6 5. Be2 O-O 6. O-O c5 7. dxc5 dxc5 8. Be3 b6 9. Bc4 Bb7 10. e5 Ng4 11. Bxf7+ Kxf7 12. Ng5+ Kg8 13. Qxg4 Qd7 14. Qc4+ Kh8 15. Nf7+ Rxf7 16. Qxf7 Nc6 17. Rad1 Qg4 18. h3 Qb4 19. Qb3 Qh4 20. Qa4 Qh5 21. Qg4 Qxe5 22. Rfe1 Qf6 23. Nd5 Qf7 24. Bg5 Ne5 25. Qg3 Bxd5 26. Rxe5 e6 27. Ree1 Bxb2 28. Bf4 Rf8 29. Be5+ Bxe5 30. Qxe5+ Kg8 31. f3 Bxa2 32. Rd6 Bd5 33. Rd1 Qf5 34. Qxf5 Rxf5 35. Rd8+ Kg7 36. Rd7+ Rf7 37. Rxf7+ Kxf7 38. Kf2 Bc6 39. Ke3 Kf6 40. g4 Bd5 41. f4 a5 42. Rb1 a4 43. Rxb6 a3 44. Ra6 a2 45. c3 g5 46. Ra7 gxf4+ 47. Kxf4 e5+ 48. Ke3 Kg5 49. Kd3 h6 50. c4 Bg2 51. Rxa2 Bxh3 52. Ke4 Bxg4 53. Kxe5 h5 54. Kd5 h4 55. Kxc5 h3 56. Kd4 Kf4 57. c5 Kg3 58. c6 h2 59. Ra1 Kg2 60. c7 h1=Q 61. Rxh1 Kxh1 62. Ke4 Bc8 63. Ke5 Bh3 64. Kf6 Kh2 65. Ke7 Kg3 66. Kd8 Kh2 67. Ke7 Kg3 68. Kd6 Kh2 69. Ke5 Kg3 70. Ke4 Kh2 71. Kf4 Bc8 72. Kf3 Kh3 73. Kf4 Kh4 74. Ke5 Kg5 75. Kd6 Bg4 76. Ke7 Kf4 77. Kd8 Ke5 78. c8=Q Bxc8 1/2-1/2


[Site "https://www.chess.com"]

[Event "Titled Tuesday Blitz February 22 Late 2022"]
[White "Debray, Christopher"]
[Black "Araujo Filho, Luiz Antonio Coel"]
[WhiteFideId "630810"]
[BlackFideId "2130661"]
[WhiteElo "2369"]
[BlackElo "2199"]
[Result "1-0"]
[Round "02"]
[TimeControl "180+1"]
[Date "2022.02.23"]
[WhiteClock "0:00:03"]
[BlackClock "0:00:01"]

1. c4 f5 2. g3 Nf6 3. Bg2 g6 4. Nh3 Bg7 5. Nf4 O-O 6. d4 d6 7. d5 c5 8. h4 Na6 9. h5 Qe8 10. hxg6 hxg6 11. Nc3 Nc7 12. Qc2 e5 13. dxe6 Nxe6 14. Nxe6 Qxe6 15. Bf4 Qxc4 16. O-O-O Ne4 17. Nxe4 Qxc2+ 18. Kxc2 fxe4 19. Bxe4 Bf5 20. Bxf5 Rxf5 21. Rxd6 Re8 22. e3 Kf7 23. Rd7+ Re7 24. Rxe7+ Kxe7 25. Rd1 b6 26. e4 Rf7 27. Be3 Be5 28. f4 Bc7 29. e5 Ke6 30. Kd3 Kf5 31. Ke2 Kg4 32. Kf2 g5 33. Rh1 gxf4 34. gxf4 Rg7 35. Rg1+ 1-0


[Site "https://www.chess.com"]

[Event "Titled Tuesday Blitz February 22 Late 2022"]
[White "Desideri, Ricardo Maruchi"]
[Black "Mogranzini, Roberto"]
[WhiteFideId "2110440"]
[BlackFideId "810894"]
[WhiteElo "1945"]
[BlackElo "2469"]
[Result "0-1"]
[Round "02"]
[TimeControl "180+1"]
[Date "2022.02.23"]
[WhiteClock "0:00:09"]
[BlackClock "0:00:21"]

1. e4 c5 2. Nf3 Nc6 3. d4 cxd4 4. Nxd4 Qb6 5. Nb3 Nf6 6. Be3 Qc7 7. Nc3 e6 8. f3 a6 9. g4 Bb4 10. Qd2 h6 11. O-O-O d5 12. Kb1 dxe4 13. g5 hxg5 14. Bxg5 Bd7 15. Bxf6 gxf6 16. a3 e3 17. Qxe3 Be7 18. Nc5 O-O-O 19. Nxa6 bxa6 20. Bxa6+ Kb8 21. Nb5 Qa5 22. Qb3 Qxa6 23. Nd6+ Ka8 24. Nxf7 Rb8 25. Qc3 Bxa3 26. b3 Bb4 27. Qxf6 Qa5 28. Rxd7 Bc3 0-1


[Site "https://www.chess.com"]

[Event "Titled Tuesday Blitz February 22 Late 2022"]
[White "Devaev, Alexander"]
[Black "Samarth, J Rao"]
[WhiteFideId "4169395"]
[BlackFideId "46652370"]
[WhiteElo "2185"]
[BlackElo "1514"]
[Result "1/2-1/2"]
[Round "02"]
[TimeControl "180+1"]
[Date "2022.02.23"]
[WhiteClock "0:00:03"]
[BlackClock "0:00:04"]

1. Nf3 d5 2. d4 Nf6 3. c4 e6 4. Nc3 c6 5. cxd5 exd5 6. Bg5 Nbd7 7. e3 h6 8. Bh4 Be7 9. Bd3 O-O 10. Qc2 Re8 11. O-O Ne4 12. Bxe7 Qxe7 13. Bxe4 dxe4 14. Nd2 Nf6 15. a3 Bg4 16. Kh1 Bh5 17. b4 Bg6 18. Rab1 Rac8 19. Nc4 Nd5 20. Ne5 Bh7 21. Rfc1 Nxc3 22. Qxc3 f6 23. Nc4 Bg6 24. Na5 Bf7 25. Qc5 a6 26. Qb6 Rc7 27. a4 Rec8 28. Rc3 Bd5 29. Rbc1 Kf8 30. h3 Ke8 31. b5 axb5 32. axb5 Qb4 33. Nxb7 Qe7 34. bxc6 Qe6 35. Rc5 Rxc6 36. Rxc6 Rxc6 37. Rxc6 Qxc6 38. Qxc6+ Bxc6 39. Nc5 Ke7 40. g3 Kd6 41. Kh2 f5 42. g4 fxg4 43. hxg4 Kd5 44. Kg3 Be8 45. Kf4 Bc6 46. Nxe4 g5+ 47. Kf5 Bd7+ 48. Kg6 Kxe4 49. Kxh6 Bxg4 50. Kxg5 Be6 51. Kf6 Bc4 52. Ke7 Kf3 53. Kd6 Kxf2 54. e4 Ke3 55. e5 Kxd4 56. e6 Bxe6 1/2-1/2


[Site "https://www.chess.com"]

[Event "Titled Tuesday Blitz February 22 Late 2022"]
[White "Djokic, Mihailo"]
[Black "Gaisinsky, Adam"]
[WhiteFideId "976440"]
[BlackFideId "2620561"]
[WhiteElo "2008"]
[BlackElo "1965"]
[Result "1-0"]
[Round "02"]
[TimeControl "180+1"]
[Date "2022.02.23"]
[WhiteClock "0:01:39"]
[BlackClock "0:00:01"]

1. e4 e5 2. Nf3 Nc6 3. Nc3 Nf6 4. Bb5 Nd4 5. Ba4 c6 6. Nxe5 d6 7. Nf3 Bg4 8. d3 a5 9. Be3 Nxf3+ 10. gxf3 Bh3 11. Bb3 Be7 12. Rg1 g6 13. f4 Bg4 14. Rxg4 Nxg4 15. Qxg4 Bf6 16. d4 Qe7 17. e5 Bg7 18. a4 d5 19. f5 Qd7 20. e6 fxe6 21. fxg6 hxg6 22. Qxg6+ Qf7 23. Qg2 O-O-O 24. O-O-O Rdg8 25. Qh1 Bf8 26. Rg1 Bd6 27. Rxg8+ Qxg8 28. h4 Qg4 29. Qd1 Qxh4 30. Kb1 Rg8 31. Ka2 Kd7 32. Nb1 Qg4 33. Qh1 Rg7 34. Nd2 b5 35. axb5 cxb5 36. c3 a4 37. Bd1 Qg1 38. Qh6 Kc6 39. Bc2 Re7 40. Nf3 Qg2 41. Ne5+ 1-0


[Site "https://www.chess.com"]

[Event "Titled Tuesday Blitz February 22 Late 2022"]
[White "Domingo Nunez, Alejandro"]
[Black "Ladan, Nicholas"]
[WhiteFideId "22245561"]
[BlackFideId "30918855"]
[WhiteElo "2215"]
[BlackElo "2360"]
[Result "0-1"]
[Round "02"]
[TimeControl "180+1"]
[Date "2022.02.23"]
[WhiteClock "0:00:08"]
[BlackClock "0:00:35"]

1. Nf3 d5 2. c4 c6 3. b3 Nf6 4. Bb2 Bf5 5. g3 e6 6. Bg2 Nbd7 7. O-O a5 8. Nc3 h6 9. d3 Be7 10. Qc2 O-O 11. e4 Bh7 12. Rfe1 Re8 13. h3 Nc5 14. Rad1 Qc7 15. Nd4 Rad8 16. cxd5 exd5 17. e5 Nfd7 18. f4 Nf8 19. Kh2 Nfe6 20. Nf3 d4 21. Ne2 Nxd3 22. Rxd3 Bxd3 23. Qxd3 Nc5 24. Qf5 d3 25. Ned4 g6 26. Qg4 h5 27. e6 hxg4 28. exf7+ Kxf7 29. Ne5+ Kg8 30. Nxg4 d2 31. Rd1 Nd3 32. Bc3 Rxd4 33. Bxd4 Bb4 34. Nf6+ Kf7 35. Nxe8 Kxe8 36. a3 Qd6 37. axb4 Qxd4 38. Rxd2 Qe3 39. Ra2 axb4 40. Bf1 Qf3 41. Bg2 Qd1 42. Ra8+ Kd7 43. Rg8 Ne1 44. Rg7+ Kc8 45. f5 Qe2 0-1


[Site "https://www.chess.com"]

[Event "Titled Tuesday Blitz February 22 Late 2022"]
[White "Dounis, Alexandros"]
[Black "Vine, Elzbieta"]
[WhiteFideId "4213238"]
[BlackFideId "1119320"]
[WhiteElo "2195"]
[BlackElo "1877"]
[Result "1-0"]
[Round "02"]
[TimeControl "180+1"]
[Date "2022.02.23"]
[WhiteClock "0:01:29"]
[BlackClock "0:00:15"]

1. e4 c5 2. Nf3 d6 3. d4 cxd4 4. Nxd4 a6 5. c4 Nc6 6. Nc3 Nf6 7. Be2 g6 8. Be3 Bg7 9. O-O O-O 10. Nc2 Be6 11. Rc1 Ne5 12. b3 Nfg4 13. Bd4 Rc8 14. f4 Nxh2 15. Kxh2 Nc6 16. Bxg7 Kxg7 17. f5 Bd7 18. f6+ exf6 19. Qxd6 Ne5 20. Nd5 Rc6 21. Qe7 Qb8 22. Nd4 Nd3+ 23. Kh1 Nxc1 24. Nxc6 Bxc6 25. Qxf6+ Kg8 26. Ne7# 1-0


[Site "https://www.chess.com"]

[Event "Titled Tuesday Blitz February 22 Late 2022"]
[White "Elissalt Cardenas, Hector"]
[Black "Bryakin, Mikhail"]
[WhiteFideId "3500632"]
[BlackFideId "4165314"]
[WhiteElo "2399"]
[BlackElo "2781"]
[Result "0-1"]
[Round "02"]
[TimeControl "180+1"]
[Date "2022.02.23"]
[WhiteClock "0:00:10"]
[BlackClock "0:00:57"]

1. d4 Nf6 2. c4 c5 3. d5 b5 4. cxb5 a6 5. e3 g6 6. Nc3 Bg7 7. Nf3 O-O 8. a4 d6 9. h3 e6 10. dxe6 fxe6 11. e4 d5 12. Bg5 d4 13. e5 Qa5 14. exf6 Bxf6 15. Bxf6 Rxf6 16. Nxd4 cxd4 17. Qxd4 Nd7 18. Be2 Kg7 19. O-O e5 20. Qe4 Rb8 21. b4 Qd8 22. Nd5 Rd6 23. Rad1 axb5 24. Bxb5 Nf6 25. Nxf6 Rxd1 26. Ne8+ Kh6 27. Qxe5 Rxf1+ 28. Bxf1 Rb7 29. Qe3+ g5 30. h4 Rf7 31. hxg5+ Qxg5 32. Qxg5+ Kxg5 33. Nd6 Rf8 34. Nxc8 Rxc8 35. b5 Ra8 36. b6 Rxa4 37. b7 Rb4 38. Ba6 Kf4 39. g3+ Ke5 40. Kg2 Kd6 41. f4 Kc7 42. Kf3 h6 43. Kg4 Rb6 44. Bd3 Kxb7 45. Kh5 Kc7 46. Bg6 Rb3 47. g4 Rh3# 0-1


[Site "https://www.chess.com"]

[Event "Titled Tuesday Blitz February 22 Late 2022"]
[White "Escudero Donoso, Felipe"]
[Black "Pultinevicius, Paulius"]
[WhiteFideId "3410595"]
[BlackFideId "12809390"]
[WhiteElo "2304"]
[BlackElo "2778"]
[Result "0-1"]
[Round "02"]
[TimeControl "180+1"]
[Date "2022.02.23"]
[WhiteClock "0:00:02"]
[BlackClock "0:00:03"]

1. Nf3 Nf6 2. c4 e6 3. g3 a6 4. Bg2 b5 5. Ne5 c6 6. d4 Bb7 7. O-O d6 8. Nf3 bxc4 9. Nbd2 d5 10. b3 c3 11. Nb1 Ne4 12. Qc2 c5 13. Nxc3 Nc6 14. dxc5 Nxc5 15. Bb2 Rc8 16. Qd2 d4 17. Na4 Nxa4 18. bxa4 Bc5 19. Rac1 Ba7 20. Rfd1 O-O 21. Nxd4 Bxd4 22. Bxd4 Qxd4 23. Qxd4 Nxd4 24. Rxc8 Nxe2+ 25. Kf1 Bxg2+ 26. Kxg2 Rxc8 27. Rd6 Ra8 28. Kf3 Nc3 29. Ke3 Nxa2 0-1


[Site "https://www.chess.com"]

[Event "Titled Tuesday Blitz February 22 Late 2022"]
[White "Estrada Nieto, Julian"]
[Black "Winkels, Marcel"]
[WhiteFideId "5101018"]
[BlackFideId "1003887"]
[WhiteElo "2246"]
[BlackElo "1900"]
[Result "1-0"]
[Round "02"]
[TimeControl "180+1"]
[Date "2022.02.23"]
[WhiteClock "0:01:22"]
[BlackClock "0:00:34"]

1. e4 g6 2. d4 Bg7 3. Nc3 d5 4. exd5 Nf6 5. Bb5+ Nbd7 6. Nge2 O-O 7. O-O Nb6 8. Nf4 Nbxd5 9. Nfxd5 Nxd5 10. Re1 Be6 11. Ne4 h6 12. c3 c6 13. Bd3 b6 14. h4 Rc8 15. h5 g5 16. Ng3 Qd7 17. Qf3 Bg4 18. Bf5 Bxf3 19. Bxd7 Rc7 20. Bf5 e6 21. Bc2 Bg4 22. f3 Bf5 23. Bxf5 exf5 24. Nxf5 b5 25. Bd2 a5 26. a4 b4 27. c4 Nf4 28. Bxf4 gxf4 29. Nxg7 Kxg7 30. Re4 Rd7 31. Rae1 Rfd8 32. Rd1 Rb8 33. b3 f5 34. Rxf4 Rf8 35. Kf2 Kf6 36. g4 Kg5 37. Rxf5+ Rxf5 38. gxf5 Kxf5 39. Ke3 Re7+ 40. Kd3 Kf4 41. d5 cxd5 42. cxd5 Ke5 43. Re1+ Kd6 44. Rxe7 Kxe7 1-0


[Site "https://www.chess.com"]

[Event "Titled Tuesday Blitz February 22 Late 2022"]
[White "Ezat, Mohamed"]
[Black "Kobalia, Mikhail"]
[WhiteFideId "10600906"]
[BlackFideId "4119150"]
[WhiteElo "2386"]
[BlackElo "2667"]
[Result "1/2-1/2"]
[Round "02"]
[TimeControl "180+1"]
[Date "2022.02.22"]
[WhiteClock "0:00:32"]
[BlackClock "0:00:05"]

1. d4 d5 2. c4 c6 3. Nc3 dxc4 4. e4 b5 5. a4 b4 6. Na2 Nf6 7. e5 Nd5 8. Bxc4 e6 9. Nf3 a5 10. O-O Ba6 11. Bxa6 Nxa6 12. Be3 c5 13. Nc1 c4 14. Qe2 Rc8 15. Nd2 Qc7 16. Ncb3 Nb8 17. Rac1 c3 18. Ne4 Be7 19. bxc3 bxc3 20. Qb5+ Nd7 21. Nbc5 Rb8 22. Na6 Rxb5 23. Nxc7+ Nxc7 24. axb5 Nxb5 25. Nxc3 Nxc3 26. Rxc3 O-O 27. Rc7 Rd8 28. Rd1 Bb4 29. Bg5 f6 30. exf6 Nxf6 31. Bxf6 gxf6 32. Rd3 a4 33. Rg3+ Kh8 34. Rgg7 Bf8 35. Rxh7+ Kg8 36. Rh3 Rxd4 37. Rg3+ Kh8 38. h4 Rd1+ 39. Kh2 Bd6 40. Ra7 Rd4 41. Kh3 Bxg3 42. Kxg3 e5 43. f3 Rf4 44. Kh3 Kg8 45. g3 Rxf3 46. Rxa4 f5 47. Kg2 e4 48. g4 fxg4 49. Rxe4 Rf7 50. Rxg4+ Rg7 51. Kg3 Rxg4+ 52. Kxg4 Kg7 53. Kg5 Kh7 54. Kf6 Kh6 55. h5 Kxh5 1/2-1/2


[Site "https://www.chess.com"]

[Event "Titled Tuesday Blitz February 22 Late 2022"]
[White "Farmani Anosheh, Armin"]
[Black "Csonka, Balazs"]
[WhiteFideId "24613240"]
[BlackFideId "742910"]
[WhiteElo "2289"]
[BlackElo "2404"]
[Result "0-1"]
[Round "02"]
[TimeControl "180+1"]
[Date "2022.02.23"]
[WhiteClock "0:00:58"]
[BlackClock "0:00:05"]

1. d4 Nf6 2. c4 g6 3. f3 d5 4. cxd5 Nxd5 5. e4 Nb6 6. Nc3 Bg7 7. Be3 O-O 8. Qd2 Nc6 9. O-O-O Qd6 10. Nb5 Qd7 11. Na3 e5 12. d5 Nd4 13. f4 c5 14. fxe5 Bxe5 15. Nf3 Nxf3 16. gxf3 Na4 17. Bb5 Bxb2+ 18. Qxb2 Nxb2 19. Bxd7 Nxd1 20. Kxd1 Bxd7 21. Bxc5 Rfe8 22. Re1 b6 23. Bd4 Rac8 24. Kd2 Ba4 25. Bf6 Rc7 26. d6 Rd7 27. e5 Re6 28. Kc3 Rdxd6 29. Nc4 Rd7 30. Kb4 Bc6 31. f4 Bd5 32. Nd6 Bxa2 33. Rc1 Rxf6 34. Rc8+ Kg7 35. Ne8+ Kh6 36. Nxf6 Rd4+ 37. Ka3 Be6 38. Rh8 Rxf4 39. Nxh7 Kh5 40. h3 Kh4 41. Nf8+ Kg3 42. Nxe6 fxe6 43. Rh7 Rf5 44. Rxa7 Rxe5 45. Rg7 g5 46. Kb4 Kxh3 47. Rh7+ Kg3 48. Rb7 g4 49. Rxb6 Kf3 50. Kc3 g3 51. Kd2 g2 52. Rb3+ Kf2 53. Rb8 Rd5+ 54. Kc3 g1=Q 55. Rf8+ Ke1 56. Rf4 Qc5+ 57. Rc4 Qe3+ 58. Kb4 Qb6+ 59. Kc3 Rc5 60. Rxc5 Qxc5+ 61. Kd3 Qd5+ 62. Kc3 e5 63. Kb4 e4 64. Kc3 Kd1 65. Kb4 e3 66. Kc3 e2 67. Kb2 Qc6 68. Ka3 e1=Q 69. Kb2 Qb4+ 70. Ka2 Qa6# 0-1


[Site "https://www.chess.com"]

[Event "Titled Tuesday Blitz February 22 Late 2022"]
[White "Garagulya, Konstantin"]
[Black "Rangel, Daniel"]
[WhiteFideId "4128931"]
[BlackFideId "2124475"]
[WhiteElo "2329"]
[BlackElo "2187"]
[Result "1-0"]
[Round "02"]
[TimeControl "180+1"]
[Date "2022.02.23"]
[WhiteClock "0:01:51"]
[BlackClock "0:02:03"]

1. d4 Nf6 2. Nf3 g6 3. Nc3 Bg7 4. e4 O-O 5. e5 d6 6. exf6 exf6 7. Be2 Nc6 8. O-O Bg4 9. h3 Bxf3 10. Bxf3 f5 11. Bxc6 bxc6 12. Ne2 Rb8 13. Rb1 Re8 14. c3 Qc8 15. Nf4 Qa6 16. a3 Re4 17. Qd3 Qb7 18. f3 Re7 19. b4 Rbe8 20. Bd2 h5 21. Rfe1 Bh6 22. Rxe7 Rxe7 23. Nd5 cxd5 24. Bxh6 Qc8 25. Bd2 Qe8 26. Kf2 Re6 27. Re1 Qe7 28. Qb5 Qh4+ 29. Kf1 Qg3 30. Rxe6 fxe6 31. Qe8+ Kg7 32. Qe7+ Kg8 33. Qxe6+ Kg7 34. Qe7+ Kg8 35. Bh6 1-0


[Site "https://www.chess.com"]

[Event "Titled Tuesday Blitz February 22 Late 2022"]
[White "Gatterer, Florian"]
[Black "Cunha, Lucas Aguiar"]
[WhiteFideId "811688"]
[BlackFideId "2125404"]
[WhiteElo "2218"]
[BlackElo "2361"]
[Result "0-1"]
[Round "02"]
[TimeControl "180+1"]
[Date "2022.02.23"]
[WhiteClock "0:00:03"]
[BlackClock "0:00:09"]

1. b3 e5 2. Bb2 Nc6 3. Nf3 e4 4. Nd4 Qf6 5. e3 Bc5 6. c3 Nxd4 7. cxd4 Be7 8. d3 Bb4+ 9. Bc3 Bxc3+ 10. Nxc3 exd3 11. Bxd3 Ne7 12. O-O O-O 13. Nb5 c6 14. Nc3 a5 15. Qc2 g6 16. Ne4 Qg7 17. f4 Nd5 18. Qd2 Re8 19. Rae1 Qf8 20. f5 d6 21. fxg6 hxg6 22. Nf6+ Nxf6 23. Rxf6 Qe7 24. Qf2 Kg7 25. Rf3 Be6 26. e4 Qg5 27. Rf1 Re7 28. Bc4 d5 29. h4 Qh5 30. Be2 Rh8 31. g3 dxe4 32. Rf6 Qd5 33. Rxg6+ Kxg6 34. Qf6+ Kh7 35. Qxe7 Qxd4+ 36. Rf2 Rg8 37. Kf1 Qg7 38. Bh5 Qa1+ 39. Kg2 Qc3 40. Bxf7 Qxg3+ 41. Kf1 Qg1+ 42. Ke2 Bg4+ 43. Ke3 Qe1+ 44. Kd4 Qxf2+ 45. Ke5 Rg7 46. Bg6+ Kxg6 47. Qg5+ Kh7 48. Qh5+ Bxh5 0-1


[Site "https://www.chess.com"]

[Event "Titled Tuesday Blitz February 22 Late 2022"]
[White "Gerbelli Neto, Eduardo"]
[Black "Martin Barcelo, Carles"]
[WhiteFideId "2103281"]
[BlackFideId "24561444"]
[WhiteElo "2178"]
[BlackElo "1875"]
[Result "0-1"]
[Round "02"]
[TimeControl "180+1"]
[Date "2022.02.23"]
[WhiteClock "0:00:55"]
[BlackClock "0:00:53"]

1. e4 e6 2. d4 d5 3. Nc3 dxe4 4. Nxe4 Nd7 5. Nf3 Ngf6 6. Bg5 Be7 7. Nxf6+ Nxf6 8. Bd3 O-O 9. Qe2 c5 10. O-O-O Qa5 11. Kb1 cxd4 12. h4 h6 13. Bd2 Qb6 14. g4 Nd5 15. Qe4 Nf6 16. Qe2 Nd5 17. Qe4 f5 18. gxf5 Nc3+ 19. Bxc3 dxc3 20. b3 Rxf5 21. Rdg1 Qc5 22. Qg4 Bf6 23. Bxf5 Qa3 24. Bxe6+ Kh8 0-1


[Site "https://www.chess.com"]

[Event "Titled Tuesday Blitz February 22 Late 2022"]
[White "Gimenez Aguirre, Alejo Ismael"]
[Black "Nikologorsky, Matfei"]
[WhiteFideId "32041667"]
[BlackFideId "24102474"]
[WhiteElo "2031"]
[BlackElo "2231"]
[Result "0-1"]
[Round "02"]
[TimeControl "180+1"]
[Date "2022.02.23"]
[WhiteClock "0:00:34"]
[BlackClock "0:00:14"]

1. e4 c5 2. Nf3 e6 3. d4 cxd4 4. Nxd4 a6 5. Bd3 Qc7 6. O-O Nf6 7. c4 Nc6 8. Nxc6 dxc6 9. Nc3 e5 10. h3 Bc5 11. Qe2 O-O 12. Be3 Bxe3 13. Qxe3 Be6 14. Rad1 Nd7 15. Kh1 Rad8 16. f4 exf4 17. Rxf4 Ne5 18. Rff1 Rd7 19. b3 Rfd8 20. Be2 h6 21. Rxd7 Rxd7 22. Rd1 Rxd1+ 23. Bxd1 Qd6 24. Be2 b5 25. cxb5 cxb5 26. Qa7 Kh7 27. Qe3 b4 28. Na4 Ng6 29. Nc5 Bc8 30. Bc4 f6 31. Bd5 Nf4 32. Qg3 Qe5 33. Nd3 Nxd3 34. Qxd3 a5 35. Qc2 Bd7 36. Qc5 Qa1+ 37. Kh2 Qe5+ 38. Kg1 Qa1+ 39. Kf2 Qxa2+ 40. Kg3 a4 41. Qf8 axb3 42. Qg8+ Kg6 43. Qf7+ Kh7 44. Qxd7 Qc2 45. Qf5+ Kh8 46. Qe6 Qc3+ 47. Kh2 Kh7 48. Qg8+ Kg6 49. Qf7+ Kh7 50. Bxb3 Qe5+ 51. Kh1 Qxe4 52. Qg8+ Kg6 53. Qc4 Qe1+ 54. Kh2 Qe5+ 55. Kg1 Qe1+ 56. Qf1 Qe3+ 57. Kh1 Qxb3 58. Kh2 Qb2 59. Qd3+ Kf7 60. Qd7+ Kg6 61. Qg4+ Kf7 62. Qd7+ Kg8 63. Qe8+ Kh7 64. Qe4+ f5 65. Qxf5+ Kh8 66. Qc8+ Kh7 67. Qf5+ g6 68. Qd7+ Qg7 69. Qb5 Qc7+ 70. Kh1 Qe7 71. Kh2 Kg7 72. Kh1 Kf6 73. Kh2 Qe5+ 0-1


[Site "https://www.chess.com"]

[Event "Titled Tuesday Blitz February 22 Late 2022"]
[White "Gledura, Benjamin"]
[Black "Steenbekkers, Franck"]
[WhiteFideId "712779"]
[BlackFideId "1004220"]
[WhiteElo "2326"]
[BlackElo "2156"]
[Result "1-0"]
[Round "02"]
[TimeControl "180+1"]
[Date "2022.02.23"]
[WhiteClock "0:01:02"]
[BlackClock "0:00:06"]

1. e4 e6 2. d4 d5 3. exd5 exd5 4. Nc3 Bb4 5. Bf4 Nf6 6. f3 O-O 7. Qd2 c6 8. O-O-O Qa5 9. Nge2 Nbd7 10. Kb1 Nb6 11. Qd3 Nc4 12. Bc1 g6 13. g4 Re8 14. Nf4 Nxg4 15. fxg4 Bxg4 16. Nce2 Bf5 17. Qb3 Re4 18. Ng3 Rae8 19. Nxf5 gxf5 20. Rg1+ Kf8 21. Bxc4 dxc4 22. Qg3 c3 23. Nd3 Bd6 24. Qxd6+ 1-0


[Site "https://www.chess.com"]

[Event "Titled Tuesday Blitz February 22 Late 2022"]
[White "Goltsev, Dmitry"]
[Black "Lodici, Lorenzo"]
[WhiteFideId "24176710"]
[BlackFideId "884189"]
[WhiteElo "2273"]
[BlackElo "2265"]
[Result "0-1"]
[Round "02"]
[TimeControl "180+1"]
[Date "2022.02.22"]
[WhiteClock "0:00:35"]
[BlackClock "0:00:51"]

1. e4 e5 2. Nf3 Nc6 3. Bb5 Bc5 4. O-O Qf6 5. c3 Nge7 6. Na3 O-O 7. Nc2 a6 8. Be2 d6 9. d4 Ba7 10. Bg5 Qg6 11. dxe5 dxe5 12. Nxe5 Qxg5 13. Nxc6 Nxc6 14. Bf3 Ne5 15. Qe2 Be6 16. b3 Rad8 17. Rfd1 Rd2 18. Rxd2 Nxf3+ 19. Qxf3 Qxd2 20. Nb4 c6 21. Rd1 Qb2 22. c4 a5 23. Nd3 Qxa2 24. Nf4 a4 25. bxa4 Qxc4 26. Nh5 Bd4 27. Qg3 Qxa4 28. Re1 Qb4 29. Rd1 g6 30. e5 f5 31. Qh4 Bxf2+ 32. Qxf2 gxh5 33. h3 h4 34. Rd6 Bd5 35. Qe3 f4 36. Qe1 Qxe1+ 0-1


[Site "https://www.chess.com"]